 Dungeon Crawl Stone Soup version 0.31-a0-175-g9f7f995f2b (webtiles) character file.

Game seed: 7263293190966750491

152 qw the Chopper (level 5, -2/32 HPs)
             Began as a Gargoyle Fighter on June 16, 2023.
             Killed by divine providence
             ... invoked by an orc priest
              (11 damage)
             ... on level 3 of the Dungeon.
             The game lasted 00:01:00 (1779 turns).

qw the Chopper (Gargoyle Fighter)                   Turns: 1779, Time: 00:01:00

Health: -2/32      AC: 13    Str: 22    XL:     5   Next: 34%
Magic:  5/5        EV:  8    Int:  8    God:
Gold:   136        SH:  8    Dex:  9    Spells: 4/4 levels left

rFire   . . .        Y - +1 war axe
rCold   + . .        h - +0 kite shield
rNeg    + . .        b - +0 scale mail
rPois   inf          (no helmet)
rElec   +            l - +1 cloak
rCorr   .            (no gloves)
SInv    .            (no boots)
Will    .....        (no amulet) Stlth
                     e - ring of protection from cold
HPRegen 0.25/turn    (no ring)
MPRegen 0.09/turn

%: no passive effects
@: no status effects
A: sickness immunity, AC +4, negative energy resistance 1, electricity
resistance, torment resistance 1, petrification resistance
a: no special abilities


You were on level 3 of the Dungeon.
You visited 1 branch of the dungeon, and saw 3 of its levels.

You collected 136 gold pieces.


Innate Abilities, Weirdness & Mutations

You are immune to sickness and miasma.
Your stone body is resilient. (AC +4)
You are immune to poison.
You resist negative energy. (rN+)
You are resistant to electric shocks. (rElec)
You are resistant to unholy torment.
You are immune to petrification.


   Skills:
 - Level 3.2 Fighting
 - Level 4.4 Axes
 - Level 3.2 Armour
 + Level 4.1 Shields


You had 4 spell levels left.
You didn't know any spells.
Your spell library was empty.

Inventory:

Hand Weapons
 f - a +0 whip
 Y - a +1 war axe (weapon)
Armour
 b - a +0 scale mail (worn)
 h - a +0 kite shield (worn)
 j - the +3 leather armour "Epnaz" {rF- rC+ rN++}
   (You found it on level 2 of the Dungeon)

   rF:        It makes you vulnerable to fire.
   rC:        It protects you from cold.
   rN:        It greatly protects you from negative energy.
 l - a +1 cloak (worn)
Jewellery
 e - a ring of protection from cold (left hand)
Scrolls
 a - a scroll of teleportation {unknown}
 c - 2 scrolls of identify
Potions
 d - a potion of might
 g - a potion of lignification
 i - a potion of attraction
 o - a potion of heal wounds {unknown}

Dungeon Overview and Level Annotations

Branches:
Dungeon (3/15)

Altars:

Shops:
D:2 (


Message History

An orc comes into view. It is wielding a +0 dagger.
Enter note:
Enter note:
1768 ||| Stepping ~*~*~tactically~*~*~ (stealth).
You barely miss the orc. The orc hits you but does no damage.
You hit the orc.
You kill the orc!
An orc and an orc priest come into view.
The orc priest is wielding a +0 flail of holy wrath.
The orc shouts!
The orc priest shouts!
The orc shouts!
Things that are here:
a +0 flail; an orc corpse The orc priest barely misses you.
Enter note:
Enter note: You slash the orc priest!
The orc priest is almost dead.
The orc priest invokes the aid of Beogh against you.
Pain shoots through your body!
You hit the orc.
The orc is severely wounded.
The orc priest calls upon Beogh to heal the orc.
The orc's wounds heal themselves!
The orc hits you but does no damage.
You hear a shout!
You hit the orc.
The orc is heavily wounded.
The orc priest invokes the aid of Beogh against you.
Beogh smites you! The orc hits you but does no damage.
You block the orc's attack.
You barely miss the orc.
The orc is heavily wounded.
You block the orc's attack.
You slash the orc!
You kill the orc!
The orc priest invokes the aid of Beogh against you.
Beogh smites you!
The orc priest invokes the aid of Beogh against you.
Beogh smites you!
You die...

###
#)#..........#
#.#
#.###.#....#.#
#.####.#
#........#
#....%.#
#.##...#.#
#.######
#.##...#.# #.#
#.##...# # #.#
#.#......
#)#####
#.##..####
#..@oo#
#.##...
#####.# #.#
#.. # #.#


You could see an orc priest and an orc.

Vanquished Creatures
  An orc priest (D:3)
  An orc wizard (D:3)
  4 adders
  A worm (D:2)
  3 dart slugs (D:1)
  5 orcs (D:3)
  4 ball pythons (D:1)
  4 endoplasms
  6 giant cockroaches
  2 goblins
  3 hobgoblins
  2 quokkas (D:1)
  2 bats
  3 frilled lizards
  5 kobolds
  3 rats
49 creatures vanquished.

Notes
Turn   | Place    | Note
-------+----------+-------------------------------------------
     0 | D:1      | qw the Gargoyle Fighter began the quest for the Orb.
     0 | D:1      | Reached XP level 1. HP: 14/14 MP: 1/1
     0 | D:1      | 0 ||| qw: Version: 0.2-a-29-g511e9b1
     0 | D:1      | 0 ||| qw: Game counter: 5680
     0 | D:1      | 0 ||| qw: Always use a shield: true
     0 | D:1      | 0 ||| qw: God list: Okawaru
     0 | D:1      | 0 ||| qw: Allow faded altars: false
     0 | D:1      | 0 ||| qw: Do Orc after D:15 true
     0 | D:1      | 0 ||| qw: Do second Lair branch before Depths: true
     0 | D:1      | 0 ||| qw: Lair rune preference: random
     0 | D:1      | 0 ||| qw: Plans: Normal, Zot:1-4, Slime:5, God:TSO, Crypt,
                  | Tomb, Abyss, Pan, Hells, Win
     0 | D:1      | 0 ||| PLANNING D:1-11
   147 | D:1      | 147 ||| Stepping ~*~*~tactically~*~*~ (hiding).
   148 | D:1      | 148 ||| Stepping ~*~*~tactically~*~*~ (hiding).
   152 | D:1      | 152 ||| Stepping ~*~*~tactically~*~*~ (hiding).
   159 | D:1      | Reached XP level 2. HP: 19/19 MP: 2/2
   658 | D:1      | 658 ||| FLEEEEING.
   659 | D:1      | 659 ||| FLEEEEING.
   666 | D:1      | 666 ||| Stepping ~*~*~tactically~*~*~ (hiding).
   719 | D:1      | 719 ||| Stepping ~*~*~tactically~*~*~ (hiding).
   720 | D:1      | 720 ||| Stepping ~*~*~tactically~*~*~ (hiding).
   723 | D:1      | 723 ||| Stepping ~*~*~tactically~*~*~ (hiding).
   731 | D:1      | Reached skill level 3 in Axes
   743 | D:1      | Reached XP level 3. HP: 19/23 MP: 3/3
   760 | D:1      | 760 ||| Stepping ~*~*~tactically~*~*~ (stealth).
   761 | D:1      | 761 ||| Stepping ~*~*~tactically~*~*~ (stealth).
  1043 | D:1      | 1043 ||| UPGRADING to +0 kite shield.
  1053 | D:1      | 1053 ||| DROPPING +0 buckler.
  1054 | D:1      | 1054 ||| UPGRADING to ring of protection from cold.
  1055 | D:1      | 1055 ||| READING scroll labelled XACLAL JOFAJAM.
  1056 | D:1      | 1056 ||| READING 2 scrolls labelled VOMNUN FEENTENO.
  1057 | D:1      | 1057 ||| READING scroll labelled UROUR QOADAQI.
  1155 | D:2      | 1155 ||| Stepping ~*~*~tactically~*~*~ (hiding).
  1156 | D:2      | 1156 ||| Stepping ~*~*~tactically~*~*~ (hiding).
  1158 | D:2      | 1158 ||| Stepping ~*~*~tactically~*~*~ (hiding).
  1256 | D:2      | Identified the +3 leather armour "Epnaz" {rF- rC+ rN++}
  1269 | D:2      | Found Ejimesos's Weapon Emporium.
  1380 | D:2      | Reached XP level 4. HP: 24/28 MP: 4/4
  1499 | D:2      | 1499 ||| UPGRADING to +0 cloak.
  1504 | D:2      | 1504 ||| READING scroll of enchant armour.
  1504 | D:2      | 1504 ||| ENCHANTING +0 cloak.
  1505 | D:2      | 1505 ||| READING scroll labelled JURRUY QEQEYJ.
  1506 | D:2      | 1506 ||| READING scroll labelled ZES MEBUIR.
  1507 | D:2      | 1507 ||| READING 5 scrolls of identify.
  1507 | D:2      | 1507 ||| IDENTIFYING bubbling purple potion
  1508 | D:2      | 1508 ||| READING 4 scrolls of identify.
  1508 | D:2      | 1508 ||| IDENTIFYING coppery potion
  1509 | D:2      | 1509 ||| READING 3 scrolls of identify.
  1509 | D:2      | 1509 ||| IDENTIFYING fizzy ruby potion
  1510 | D:2      | 1510 ||| READING 2 scrolls of identify.
  1510 | D:2      | 1510 ||| IDENTIFYING fuming cyan potion
  1511 | D:2      | 1511 ||| DROPPING potion of degeneration.
  1567 | D:3      | 1567 ||| Stepping ~*~*~tactically~*~*~ (stealth).
  1693 | D:3      | 1693 ||| DROPPING +0 club.
  1715 | D:3      | 1715 ||| DRINKING potion of curing.
  1715 | D:3      | 1715 ||| (to cure confusion)
  1724 | D:3      | Reached XP level 5. HP: 24/32 MP: 5/5
  1768 | D:3      | 1768 ||| Stepping ~*~*~tactically~*~*~ (stealth).
  1779 | D:3      | Killed from afar by an orc priest

Levels and vault maps discovered:
D:1:      psy_arrival_heroes, layout_basic, minmay_worlds_worst_comb
D:2:      layout_rooms, serial_shops, shop, moated_statue, kennysheep_nub
D:3:      layout_basic, hellmonk_ecumenical_altar_leap_of_faith,
          chequers_arboretum, mrwooster_statue_mirror

Skill      XL: |  1  2  3  4 |
---------------+-------------+-----
Axes           | 2 3 4 |  4.4
Shields        | 4 |  4.1
Fighting       | |  3.2
Armour         | |  3.2

Action                     |  1- 3 |  4- 6 || total
---------------------------+-------+-------++-------
  Melee: War axe           |   101 |    45 ||   146
    Use: Scroll            |     3 |     7 ||    10
         Potion            |       |     1 ||     1
 Armour: Scale mail        |    48 |    25 ||    73
  Dodge: Dodged            |    38 |    17 ||    55
  Block: Buckler           |     9 |       ||     9
         Kite shield       |    11 |    14 ||    25

Table legend:
 A = Non-vault XP
 B = Vault XP
 C = Vault XP percentage of total XP
 D = Non-vault monster count
 E = Vault monster count
 F = Vault count percentage of total count
                 A         B        C        D         E       F
            +---------+---------+-------+---------+---------+-------
      Total |     212 |       6 |   2.8 |      46 |       3 |   6.1
            +---------+---------+-------+---------+---------+-------
        D:1 |      41 |       6 |  12.8 |      21 |       3 |  12.5
        D:2 |      43 |       0 |   0.0 |      10 |       0 |   0.0
        D:3 |     128 |       0 |   0.0 |      15 |       0 |   0.0
            +---------+---------+-------+---------+---------+-------
